 Dungeon Crawl Stone Soup version 0.27.1 (webtiles) character file.

Game seed: 11718420928998486623

4 hawla the Sneak (level 1, -5/13 HPs)
             Began as a Deep Elf Delver on Aug 26, 2021.
             Killed from afar by an orc wizard (8 damage)
             ... with a puff of flame
             ... on level 4 of the Dungeon.
             The game lasted 00:01:13 (95 turns).

hawla the Sneak (Deep Elf Delver)                     Turns: 95, Time: 00:01:14

Health: -5/13      AC:  3    Str:  9    XL:     1   Next: 58%
Magic:  3/3        EV: 16    Int: 14    God:
Gold:   0          SH:  0    Dex: 16    Spells: 0/0 levels left

rFire    . . .     SeeInvis .   a - +0 short sword
rCold    . . .     Faith    .   (no shield)
rNeg     . . .     Spirit   .   b - +0 leather armour
rPois    .         Reflect  .   (no helmet)
rElec    .         Harm     .   (no cloak)
rCorr    .         Rampage  .   (no gloves)
Will     .....                  (no boots)
Stlth    +++.......             (no amulet)
HPRegen  0.04/turn              i - +4 ring of evasion
MPRegen  0.08/turn              (no ring)

@: hasted, very quick
A: no striking features
a: no special abilities


You were on level 4 of the Dungeon.
You visited 1 branch of the dungeon, and saw 2 of its levels.

Inventory:

Hand Weapons
 a - a +0 short sword (weapon)
Armour
 b - a +0 leather armour (worn)
Jewellery
 i - a +4 ring of evasion (left hand)
Wands
 g - a wand of digging (2)
Scrolls
 c - a scroll of fog
 d - a scroll of magic mapping
 e - a scroll of fear
 h - a scroll of identify {unknown}
 j - a scroll of holy word {unknown}


   Skills:
 + Level 2.4 Fighting
 + Level 2.0 Short Blades
 + Level 2.4 Dodging
 + Level 6.2 Stealth


You couldn't memorise any spells.
You didn't know any spells.
Your spell library was empty.

Dungeon Overview and Level Annotations

Branches:
Dungeon (5/15)
 Temple: D:4-7

Altars:


Message History

2 orc wizards come into view.
The orc wizard shouts!
The orc throws a boomerang.
The boomerang barely misses you.
The orc shouts!
The orc wizard shouts!
The orc wizard gestures at you while chanting.
You are confused.
The orc wizard gestures wildly while chanting.
The orc wizard flickers and vanishes!
Deactivating autopickup; reactivate with Ctrl-A.
The orc throws a boomerang.
The boomerang completely misses you.
You see here a scroll labelled ZUOLUOMEOQ.
j - a scroll labelled ZUOLUOMEOQ
Okay, then.
You feel less confused.
The orc wizard hits you with a +0 dagger.
The orc wizard points at you and mumbles some strange words.
The puff of flame hits you!
Ouch! That really hurt!
* * * LOW HITPOINT WARNING * * *
The orc throws a boomerang.
The boomerang barely misses you.
You feel yourself speed up.
The orc wizard points at you and mumbles some strange words.
You resist with significant effort.
Something tries to affect you, but you resist.
The orc throws a boomerang.
The boomerang closely misses you.
Found a long sword.
An adder comes into view.
The adder hisses angrily.
The orc wizard points at you and mumbles some strange words.
The puff of flame misses you.
Aiming: Dig
Press: ? - help, Shift-Dir - straight line You can't see that place.
The rock shatters into small pieces.
A puff of flame appears from out of thin air!
The puff of flame misses you.
A puff of flame appears from out of thin air!
The puff of flame hits you!
Ouch! That really hurt!
You die...

#####.##......## ...
#.##o......###....
#.##.......#..#...
#####.##o.....#....#
#........{..##.....#.
#....................#
#.....S.....#.....#...
#...........#.........
#......@....'.........
########>...#+#######+##
#......)........#
#........†......+
#...............#
#........[.......
#................
####................
....................


You could see an adder and 2 orcs.

Vanquished Creatures
  A dart slug (D:4)
  An orc (D:4)
2 creatures vanquished.

Notes
Turn   | Place    | Note
-------+----------+-------------------------------------------
     0 | D:5      | hawla the Deep Elf Delver began the quest for the Orb.
     0 | D:5      | Reached XP level 1. HP: 13/13 MP: 3/3
    55 | D:4      | Noticed an orc wizard
    55 | D:4      | Noticed an orc wizard
    95 | D:4      | Killed from afar by an orc wizard

Illustrated notes

Levels and vault maps discovered:
D:4:      layout_gridville, minmay_temple_entry_mini_moons,
          minmay_misc_feat_chi, uniq_grinder, uniq_blork_the_orc, uniq_pikel,
          uniq_natasha
D:5:      layout_cave_pools, st_stairs_10, grunt_decor_fettered,
          chequers_serial_rivers_small_b, minmay_fountain_box

Action                   || total
-------------------------++-------
Melee: Short sword       ||     3
Evoke: Wand              ||     1
  Use: Potion            ||     1
 Stab: Sleeping          ||     1
Dodge: Dodged            ||     7
